General information
			
			
        
        - name: BNet
 
        - type: Ladder team game (AT/RT)
 
        - host: Battle.net
 
        - saver: calpants
 
        
map: Goldshire 
        - players: 4
 
        - length: 02:44
 
        - speed: Fast
 - version: 1.22 W3XP
 - replay type:  Public
 
» download(12 KB)
Players
        team 1 (winner) 
              
              
calpants (
yellow | 113 APM | 311 actions | 02:44)
              
                » actions 
                
                | Assign group hotkey | 6 |  | 
| Basic commands | 6 |  | 
| Build / train | 13 |  | 
| Enter build submenu | 9 |  | 
| Right click | 137 |  | 
| Select / deselect | 58 |  | 
| Select group hotkey | 24 |  | 
| Use ability | 58 |  | 
                311 total
 » units 
                » buildings
                
                | Lumber Mill | 1 |  | 
| Scout Tower | 6 |  | 
| Guard Tower | 3 |  | 
| Arcane Tower | 1 |  | 
| Altar of Kings | 1 |  | 
                12 total
 » build order
                00:18 Lumber Mill
00:51 Scout Tower
00:52 Scout Tower
00:53 Scout Tower
00:54 Scout Tower
00:56 Scout Tower
01:24 Guard Tower
01:26 Guard Tower
01:31 Guard Tower
01:33 Scout Tower
01:39 Arcane Tower
02:12 Altar of Kings
 
               
              
              
Computer(Elite) (
teal | 31 APM | 86 actions | 02:44)
              
 1 Blademaster 
 1 Wind Walk
 
                » actions 
                
                | Build / train | 7 |  | 
| Enter build submenu | 3 |  | 
| Enter hero's abilities submenu | 1 |  | 
| Right click | 47 |  | 
| Select / deselect | 25 |  | 
| Use ability | 3 |  | 
                86 total
 » units 
                » buildings
                
                | Altar of Storms | 1 |  | 
| Orc Burrow | 1 |  | 
| Barracks | 1 |  | 
                3 total
 » build order
                00:10 Altar of Storms
00:13 Orc Burrow
02:34 Barracks
 
               team 2 (loser) 
              
              
» 
AvGn_Ass (
purple | 43 APM | 116 actions | 02:40)
              
                » actions 
                
                | Assign group hotkey | 2 |  | 
| Build / train | 10 |  | 
| Enter build submenu | 8 |  | 
| Remove unit from queue | 1 |  | 
| Right click | 54 |  | 
| Select / deselect | 36 |  | 
| Use ability | 5 |  | 
                116 total
 » units 
                » buildings
                
                | Graveyard | 1 |  | 
| Crypt | 1 |  | 
| Ziggurat | 2 |  | 
| Altar of Darkness | 1 |  | 
| Nerubian Tower | 1 |  | 
                6 total
 » build order
                00:10 Graveyard
00:22 Crypt
00:41 Ziggurat
01:00 Altar of Darkness
01:41 Nerubian Tower
02:34 Ziggurat
 
               
              
              
» 
StephaneBlache (
blue | 37 APM | 101 actions | 02:43)
              
 1 Demon Hunter 
 1 Mana Burn
 
                » actions 
                
                | Build / train | 13 |  | 
| Enter build submenu | 5 |  | 
| Enter hero's abilities submenu | 1 |  | 
| Right click | 44 |  | 
| Select / deselect | 30 |  | 
| Use ability | 8 |  | 
                101 total
 » units 
                » buildings
                
                | Moon Well | 1 |  | 
| Altar of Elders | 1 |  | 
| Hunter's Hall | 1 |  | 
| Ancient of War | 2 |  | 
                5 total
 » build order
                00:14 Moon Well
00:20 Altar of Elders
01:35 Hunter's Hall
02:04 Ancient of War
02:07 Ancient of War
 
                Chat log
          (00:34 / All) AvGn_Ass: SHIT LOAD OF FUCKKKKKKKKKKKKKKKKKKKKKKKKK
(00:42 / All) AvGn_Ass: SHIT LOAD OF FUCKKKKKKKKKKKKKKKKKKKKKKKKK
(00:43 / All) AvGn_Ass: SHIT LOAD OF FUCKKKKKKKKKKKKKKKKKKKKKKKKK
(00:43 / All) AvGn_Ass: SHIT LOAD OF FUCKKKKKKKKKKKKKKKKKKKKKKKKK
(00:44 / All) AvGn_Ass: SHIT LOAD OF FUCKKKKKKKKKKKKKKKKKKKKKKKKK
(00:45 / All) AvGn_Ass: SHIT LOAD OF FUCKKKKKKKKKKKKKKKKKKKKKKKKK
(00:46 / All) AvGn_Ass: SHIT LOAD OF FUCKKKKKKKKKKKKKKKKKKKKKKKKK